 Dungeon Crawl Stone Soup version bcrawl-1.37.2 (webtiles) character file.

Game seed: 6717832960767909043

112733 Mehrunes the Magician (level 3, 0/24 HPs)
             Began as a Mummy Fire Elementalist on Oct 30, 2022.
             Slain by an adder (3 damage)
             ... on level 3 of the Dungeon.
             The game lasted 00:03:06 (1792 turns).

Mehrunes the Magician (Mummy Fire Elementalist)     Turns: 1792, Time: 00:03:07

Health: 0/24       AC:  2    Str: 11    XL:     3   Next: 83%
Magic:  0/8        EV: 12    Int: 15    God:
Gold:   159        SH:  0    Dex: 12    Spells: 5/9 levels left

rFire    . . .     GDR:     24% f - +0 dagger
rCold    + . .     SeeInvis .   (no shield)
rNeg     + + +     Gourm    .   a - +0 robe
rPois    ∞         Faith    .   (no helmet)
rElec    .         Spirit   .   (no cloak)
rCorr    .         Reflect  .   (no gloves)
MR       .....     Clarity  +   (no boots)
Stlth    ++........             (no amulet)
HPRegen  0.14/turn              b - ring of protection from fire
MPRegen  0.11/turn              (no ring)

@: no status effects
A: no food or potions, fire vulnerability, clarity, cold resistance 1, negative
energy resistance 3, torment resistance, unbreathing, strong hexes 1
a: no special abilities


You were on level 3 of the Dungeon.
You were not hungry.

You visited 1 branch of the dungeon, and saw 3 of its levels.

You collected 159 gold pieces.

Inventory:

Hand Weapons
 f - a +0 dagger (weapon)
Missiles
 d - 376 stones (quivered)
Armour
 a - a +0 robe (worn)
Jewellery
 b - a ring of protection from fire (left hand)
 l - an uncursed amulet of regeneration {unknown}
Wands
 c - a wand of flame (4)
Scrolls
 e - 3 scrolls of teleportation {unknown}
 g - 2 scrolls of remove curse {unknown}
 h - 2 scrolls of amnesia {unknown}
 i - 3 scrolls of identify
 j - 3 scrolls of fog {unknown}
 k - a scroll of enchant weapon {unknown}


   Skills:
 - Level 1.5 Dodging
 - Level 2.1 Stealth
 + Level 3.6 Spellcasting
 + Level 1.8 Conjurations
 + Level 3.0 Fire Magic


You had 5 spell levels left.
You knew the following spells:

 Your Spells              Type           Power        Failure   Level  Hunger
a - Flame Tongue          Conj/Fire      ##...        7%          1    N/A
b - Conjure Flame         Conj/Fire      ##......     21%         3    N/A

Your spell library contained the following spells:

 Spells                   Type           Power        Failure   Level  Hunger
 Flaming Arrows           Chrm/Fire      #.......     16%         2    N/A
 Inner Flame              Hex/Fire       N/A          30%         3    N/A
 Sticky Flame             Conj/Fire      ##......     56%         4    N/A
 Fireball                 Conj/Fire      ##........   88%         5    N/A

Dungeon Overview and Level Annotations

Branches:
Dungeon (3/12)

Altars:


Innate Abilities, Weirdness & Mutations

You do not eat or drink.
Your flesh is vulnerable to fire.
You are immune to poison.
You possess an exceptional clarity of mind.
Your flesh is cold resistant. (rC+)
You are immune to negative energy. (rN+++)
You are immune to unholy pain and torment.
You can survive without breathing.
Your hexes are more powerful.


Message History

Aiming: Flame Tongue (safe; 7% risk of failure)
Press: ? - help, Shift-Dir - straight line, f/p - adder
Aim: an adder (heavily wounded)
The flame tongue hits the adder.
The adder is severely wounded.
The adder bites you.
You closely miss the adder.
The adder is severely wounded.
The adder bites you.
You barely miss the adder.
The adder is severely wounded.
The adder bites you.
* * * LOW HITPOINT WARNING * * *
The adder barely misses you.
You miss the adder.
The adder is severely wounded.
The adder bites you.
* * * LOW HITPOINT WARNING * * *
The adder bites you.
You die...

#.<....#...#####. ..
#.>....#...##.... ... ...
#.)............. ....
....#..)..........##.....
#.........#.#.#.#........
###...)...........##.....
##......#.#.#.#.# ...
...............S.# #
...###....#)#.#@#^# #..
#.##..........# ##
.......#.#.#.#.#
................#
..#......#......#
...##....##....# ..#
##... #.##.# <. ## ..


You could see an adder.

Vanquished Creatures
  2 adders
  A dart slug (D:1)
  2 orcs
  A giant cockroach (D:2)
  8 hobgoblins
  4 jackals (D:1)
  2 ball pythons
  2 bats
  2 frilled lizards
  3 goblins
  6 kobolds
  5 rats
38 creatures vanquished.

Notes
Turn   | Place    | Note
-------+----------+-------------------------------------------
     0 | D:1      | Mehrunes the Mummy Fire Elementalist began the quest for
                  | the Orb.
     0 | D:1      | Reached XP level 1. HP: 13/13 MP: 4/4
   121 | D:1      | Reached skill level 1 in Conjurations
   201 | D:1      | Reached XP level 2. HP: 19/19 MP: 3/6
   972 | D:2      | Reached XP level 3. HP: 24/24 MP: 5/7
  1302 | D:2      | Learned a level 3 spell: Conjure Flame
  1792 | D:3      | Slain by an adder

Skill      XL: |  1  2  3 |
---------------+----------+-----
Conjurations   | 1 |  1.8
Spellcasting   | 3 |  3.6
Fire Magic     | 3 |  3.0
Dodging        | |  1.5
Stealth        | |  2.1

Action                   || total
-------------------------++-------
Melee: Unarmed           ||    12
       Dagger            ||     3
 Cast: Flame Tongue      ||    69
Armor: Robe              ||     5
Dodge: Dodged            ||    40
